 Dungeon Crawl Stone Soup version 0.25-a0-782-g655279ceaa (webtiles) character file.

Game seed: 3471991860538010359, levelgen mode: deterministic

576 kae the Ruffian (level 7, -5/52 HPs)
             Began as a Yellow Draconian Transmuter on Apr 16, 2020.
             Slain by Menkaure (16 damage)
             ... on level 4 of the Dungeon.
             The game lasted 00:02:51 (4447 turns).

kae the Ruffian (Yellow Draconian Transmuter)       Turns: 4447, Time: 00:02:51

Health: -5/52      AC:  6    Str: 14    XL:     7   Next: 13%
Magic:  7/12       EV: 12    Int: 14    God:
Gold:   164        SH:  0    Dex: 11    Spells: 7/13 levels left

rFire    . . .     SeeInvis .     - Unarmed
rCold    . . .     Gourm    .   (no shield)
rNeg     . . .     Faith    .   (armour unavailable)
rPois    +         Spirit   .   (helmet restricted)
rElec    .         Reflect  .   (no cloak)
rCorr    +         Harm     .   (no gloves)
MR       .....                  (no boots)
Stlth    +.........             (no amulet)
HPRegen  0.17/turn              h - ring of poison resistance
MPRegen  0.13/turn              (no ring)

@: short of breath, stab, very slightly contaminated
A: spit acid, unfitting armour, cold-blooded, acid resistance, AC +6
a: Breathe Acid


You were on level 4 of the Dungeon.
You were not hungry.

You visited 1 branch of the dungeon, and saw 4 of its levels.

You collected 164 gold pieces.

Inventory:

Missiles
 a - 60 arrows
Jewellery
 h - a ring of poison resistance (left hand)
 i - an uncursed ring of see invisible {unknown}
 n - an uncursed ring of stealth {unknown}
Wands
 j - a wand of disintegration (14)
Scrolls
 b - 3 scrolls of teleportation
 d - 2 scrolls of enchant armour
 f - a scroll of amnesia
 m - 5 scrolls of remove curse
Potions
 e - 3 potions of flight
Comestibles
 c - 4 rations


   Skills:
 - Level 1.1 Fighting
 - Level 1.7 Dodging
 * Level 6.2 Unarmed Combat
 + Level 3.9 Spellcasting
 + Level 4.2 Transmutations


You had 7 spell levels left.
You knew the following spells:

 Your Spells              Type           Power        Failure   Level  Hunger
a - Beastly Appendage     Tmut           ##....       3%          1    None
b - Sticks to Snakes      Tmut           ##......     5%          2    ##.....
c - Spider Form           Tmut/Pois      #.........   24%         3    ###....

Your spell library contained the following spells:

 Spells                   Type           Power        Failure   Level  Hunger
 Ice Form                 Ice/Tmut       #.......     63%         4    ####...
 Blade Hands              Tmut           ##........   67%         5    ######.


Dungeon Overview and Level Annotations

Branches:
Dungeon (4/15)
 Temple: D:4-7

Altars:
Ashenzari
Yredelemnul

Annotations:
D:4 Menkaure


Innate Abilities, Weirdness & Mutations

You can spit globs of acid.
Your golden yellow scales are hard. (AC +6)
You cannot fit into any form of body armour.
You are cold-blooded and may be slowed by cold attacks.
You are resistant to acid. (rCorr)


Message History

You feel resistant to acid.
You start resting.
Your transformation has ended.
You start resting.
Menkaure, Prince of Dust comes into view.
Press: ? - help, Shift-Dir - straight line, f - Menkaure
Aim: Menkaure (hasn't noticed you)
You spit a glob of acid.
The glob of acid misses Menkaure.
You feel somewhat more hungry.
Menkaure shouts!
It was a potion of stabbing.
You feel ready to backstab.
You feel better.
Menkaure calls on the powers of darkness!
Your body is wracked with pain!
* * * LOW HITPOINT WARNING * * *
You barely miss Menkaure. You tail-slap Menkaure.
Menkaure is lightly damaged.
Menkaure hits you!
You die...

#.#..#<##.###.#####
#.).......###.###
####.######.....#
#......5# #.....#
#.##.##.# #.....# #
##ยง##.# #.....# #
#..##.# #.....#
#.#.###)# #######
#...M@..# ###.#####
#.# #.. ###


You could see Menkaure.

Vanquished Creatures
  Grinder (D:4)
  Eustachio (D:4)
  Natasha (thrice) (D:2)
  4 gnolls (D:3)
  3 adders
  2 oozes (D:3)
  4 worms
  5 dart slugs
  3 leopard geckos
  3 orcs (D:3)
  2 ball pythons
  6 bats
  5 giant cockroaches
  8 goblins
  6 hobgoblins
  7 jackals
  8 kobolds
  A quokka (D:4)
  2 frilled lizards (D:2)
  6 rats
80 creatures vanquished.

Notes
Turn   | Place    | Note
-------+----------+-------------------------------------------
     0 | D:1      | kae the Draconian Transmuter began the quest for the Orb.
     0 | D:1      | Reached XP level 1. HP: 16/16 MP: 3/3
   165 | D:1      | Reached XP level 2. HP: 14/23 MP: 3/5
   330 | D:1      | Learned a level 2 spell: Sticks to Snakes
  1235 | D:2      | Reached XP level 3. HP: 8/28 MP: 2/6
  1438 | D:1      | Learned a level 3 spell: Spider Form
  2262 | D:2      | Reached skill level 4 in Unarmed Combat
  2303 | D:2      | Reached XP level 4. HP: 22/35 MP: 7/7
  2526 | D:2      | Noticed Natasha
  2540 | D:2      | Killed Natasha
  2738 | D:2      | Noticed Natasha
  2742 | D:2      | Killed Natasha
  2991 | D:2      | Noticed Natasha
  2999 | D:2      | Killed Natasha
  2999 | D:2      | Reached XP level 5. HP: 40/40 MP: 5/9
  3423 | D:3      | Found a shattered altar of Ashenzari.
  3828 | D:3      | Reached skill level 5 in Unarmed Combat
  4050 | D:3      | Found a basalt altar of Yredelemnul.
  4183 | D:4      | Noticed an ogre
  4358 | D:4      | Noticed Eustachio
  4371 | D:4      | Killed Eustachio
  4371 | D:4      | Reached XP level 6. HP: 34/47 MP: 7/11
  4404 | D:4      | Noticed Grinder
  4432 | D:4      | Paralysed by Grinder for 2 turns
  4438 | D:4      | Killed Grinder
  4438 | D:4      | Reached skill level 6 in Unarmed Combat
  4438 | D:4      | Your scales start taking on a golden yellow colour.
  4438 | D:4      | Reached XP level 7. HP: 11/52 MP: 6/12
  4438 | D:4      | Gained mutation: You are resistant to acid. (rCorr) [Yellow
                  | Draconian growth]
  4443 | D:4      | Noticed Menkaure
  4447 | D:4      | Slain by Menkaure

Levels and vault maps discovered:
D:1:      kilobyte_arrival_exit_the_forest, layout_loops_corners, minivault_14,
          minmay_pentomino_r2
D:2:      minmay_chambers_of_twos, layout_loops_ring, minmay_tiny_reverse_x,
          uniq_natasha
D:3:      layout_basic, cheibrodos_ashenzari_chains, yredelemnul_altar_generic
D:4:      layout_loops_cross, uniq_grinder, uniq_eustachio,
          uniq_crazy_yiuf_cottage, uniq_menkaure

Skill      XL: |  1  2  3  4  5  6 |
---------------+-------------------+-----
Unarmed Combat | 4 5 6 |  6.2
Transmutations | 3 4 |  4.2
Spellcasting   | 3 |  3.9
Fighting       | |  1.1
Dodging        | |  1.7

Action                   |  1- 3 |  4- 6 |  7- 9 || total
-------------------------+-------+-------+-------++-------
Melee: Unarmed           |   143 |   127 |     1 ||   271
       Kick              |     5 |     4 |       ||     9
       Tailslap          |    11 |     6 |     1 ||    18
       Headbutt          |     8 |     6 |       ||    14
       Punch             |       |     2 |       ||     2
 Cast: Beastly Appendage |    20 |     9 |       ||    29
       Sticks to Snakes  |     2 |       |       ||     2
       Spider Form       |     1 |    11 |       ||    12
 Abil: Breathe Acid      |       |       |     1 ||     1
  Use: Scroll            |     4 |     5 |       ||     9
       Potion            |     1 |     1 |     2 ||     4
 Stab: Sleeping          |     1 |       |       ||     1
  Eat: Chunk             |     5 |     5 |       ||    10
       Ration            |       |     1 |       ||     1
Armor: Skin              |    48 |    27 |       ||    75
Dodge: Dodged            |    97 |    82 |       ||   179

Table legend:
 A = Non-vault XP
 B = Vault XP
 C = Vault XP percentage of total XP
 D = Non-vault monster count
 E = Vault monster count
 F = Vault count percentage of total count
                 A         B        C        D         E       F
            +---------+---------+-------+---------+---------+-------
      Total |     297 |     527 |  64.0 |      65 |      15 |  18.8
            +---------+---------+-------+---------+---------+-------
        D:1 |      33 |       3 |   8.3 |      15 |       2 |  11.8
        D:2 |     124 |      61 |  33.0 |      20 |      11 |  35.5
        D:3 |     124 |       0 |   0.0 |      23 |       0 |   0.0
        D:4 |      16 |     463 |  96.7 |       7 |       2 |  22.2
            +---------+---------+-------+---------+---------+-------
